 Dungeon Crawl Stone Soup version 0.31.0-9-g3a7656b989 (webtiles) character file.

Game seed: 6554694541933454501

93 qw the Shooter (level 4, -2/25 HPs)
             Began as a Deep Elf Hunter on Feb 2, 2024.
             Slain by a gnoll
             ... wielding a +0 club
              (7 damage)
             ... on level 2 of the Dungeon.
             The game lasted 00:00:03 (1001 turns).

qw the Shooter (Deep Elf Hunter)                    Turns: 1001, Time: 00:00:04

Health: -2/25      AC:  4    Str: 10    XL:     4   Next: 37%
Magic:  6/6        EV: 12    Int: 14    God:
Gold:   28         SH:  0    Dex: 18    Spells: 3/3 levels left

rFire   . . .        a - +0 shortbow
rCold   . . .        (shield currently unavailable)
rNeg    . . .        c - +0 leather armour
rPois   .            (no helmet)
rElec   .            (no cloak)
rCorr   .            e - +0 pair of gloves
SInv    .            (no boots)
Will    .....        (no amulet)
Stlth   ++           (no ring)
HPRegen 0.24/turn    (no ring)
MPRegen 0.10/turn

%: no passive effects
@: no status effects
A: no striking features
a: no special abilities


You were on level 2 of the Dungeon.
You visited 1 branch of the dungeon, and saw 2 of its levels.

You collected 28 gold pieces.


   Skills:
 - Level 1.5 Fighting
 + Level 7.8 Ranged Weapons
 - Level 2.4 Dodging
 - Level 1.2 Stealth


You had 3 spell levels left.
You didn't know any spells.
Your spell library was empty.

Inventory:

Hand Weapons
 a - a +0 shortbow (weapon)
Armour
 c - a +0 leather armour (worn)
 e - a +0 pair of gloves (worn)
Jewellery
 d - an amulet of regeneration
Scrolls
 b - a scroll of fog {unknown}
 f - a scroll of noise {unknown}
 g - a scroll of amnesia {unknown}
 i - a scroll of immolation {unknown}
Potions
 h - a potion of curing {unknown}

Dungeon Overview and Level Annotations

Branches:
Dungeon (2/15)

Altars:


Message History

Enter note:
Enter note:
Enter note:
988 ||| RETREEEEATING.
You shoot an arrow. The arrow hits the gnoll!
The gnoll is severely wounded.
You shoot an arrow. The arrow hits the gnoll.
You kill the gnoll!
You have reached level 4!
You feel clever.
You shoot an arrow. The arrow hits the gnoll!
The gnoll is heavily wounded.
You shoot an arrow. The arrow hits the gnoll.
The gnoll is moderately wounded.
You shoot an arrow.
The arrow hits the gnoll but does no damage.
The gnoll is moderately wounded.
You shoot an arrow. The arrow hits the gnoll.
The gnoll is severely wounded.
The gnoll hits you with a +1 whip of flaming.
The gnoll burns you.
You shoot an arrow. The arrow barely misses the gnoll.
The arrow hits the gnoll but does no damage.
The gnoll is heavily wounded.
You shoot an arrow. The arrow closely misses the gnoll.
The gnoll hits you with a +1 whip of flaming.
The gnoll burns you.
You shoot an arrow. The arrow completely misses the gnoll.
The gnoll hits you but does no damage. The gnoll closely misses you.
You shoot an arrow. The arrow hits the gnoll!
You kill the gnoll!
The gnoll hits you with a +0 flail!
You shoot an arrow. The arrow closely misses the gnoll. x2
The gnoll barely misses you.
You shoot an arrow. The arrow hits the gnoll!
You kill the gnoll!
A dart slug comes into view.
The gnoll completely misses you.
You shoot an arrow. The arrow barely misses the gnoll.
The gnoll hits you with a +0 club!
You die...

.....#......... ....
.#.......#......###
........................
...w. ..................
)g......................
...g..#.$...# #.........
..g...)....# #.........
#g##.# #......... #@)..#
#........ #..###
##...#..# ##..# ###....#
######..### ##...###
..........### ##....#..
......#...%.####...###.#
....).#..^#.........%..#
#######...##.....%.###.#
#........##<...#..


You could see a gnoll and a dart slug.

Vanquished Creatures
  2 adders
  3 gnolls (D:2)
  A dart slug (D:1)
  A bat (D:2)
  2 endoplasms (D:1)
  2 giant cockroaches (D:1)
  3 goblins
  4 hobgoblins
  6 jackals
  2 kobolds (D:1)
  9 ball pythons
  2 frilled lizards (D:1)
  7 rats (D:1)
44 creatures vanquished.

Notes
Turn   | Place    | Note
-------+----------+-------------------------------------------
     0 | D:1      | qw the Deep Elf Hunter began the quest for the Orb.
     0 | D:1      | Reached XP level 1. HP: 12/12 MP: 3/3
     0 | D:1      | 0 ||| qw: Version: 0.3-a-155-g5e7d8dd
     0 | D:1      | 0 ||| qw: Game counter: 617
     0 | D:1      | 0 ||| qw: Melee chars always use a shield: true
     0 | D:1      | 0 ||| qw: God list: Okawaru
     0 | D:1      | 0 ||| qw: Allow faded altars: false
     0 | D:1      | 0 ||| qw: Do Orc after clearing Dungeon:15 true
     0 | D:1      | 0 ||| qw: Do second Lair branch before Depths: true
     0 | D:1      | 0 ||| qw: Lair rune preference: random
     0 | D:1      | 0 ||| qw: Goals: Normal
     0 | D:1      | 0 ||| PLANNING D:1-11
   190 | D:1      | Reached XP level 2. HP: 16/16 MP: 4/4
   219 | D:1      | Reached skill level 6 in Ranged Weapons
   622 | D:1      | Reached XP level 3. HP: 20/20 MP: 5/5
   738 | D:1      | 738 ||| UPGRADING to +0 pair of gloves.
   743 | D:1      | 743 ||| READING scroll labelled DEMEYT FIMO.
   748 | D:1      | 748 ||| DROPPING scroll of butterflies.
   767 | D:2      | 767 ||| STAIRDANCE
   829 | D:2      | 829 ||| STAIRDANCE
   840 | D:2      | 840 ||| STAIRDANCE
   852 | D:2      | Reached skill level 7 in Ranged Weapons
   852 | D:2      | 852 ||| STAIRDANCE
   988 | D:2      | 988 ||| RETREEEEATING.
   991 | D:2      | Reached XP level 4. HP: 25/25 MP: 6/6
   998 | D:2      | HP: 4/25 [gnoll/+0 flail (11)]
  1001 | D:2      | Slain by a gnoll

Levels and vault maps discovered:
D:1:      psy_arrival_statuary, layout_loops_ring, serial_bayou_pond_d,
          chequers_serial_rivers_large_a
D:2:      layout_rooms, minmay_quantized

Skill      XL: |  1  2  3 |
---------------+----------+-----
Ranged Weapons | 6 7 |  7.8
Fighting       | |  1.5
Dodging        | |  2.4
Stealth        | |  1.2

Action                     |  1- 3 |  4- 6 || total
---------------------------+-------+-------++-------
   Fire: Shortbow          |    94 |    11 ||   105
    Use: Scroll            |     1 |       ||     1
 Armour: Leather armour    |    29 |     5 ||    34
  Dodge: Dodged            |    33 |     3 ||    36

Table legend:
 A = Non-vault XP
 B = Vault XP
 C = Vault XP percentage of total XP
 D = Non-vault monster count
 E = Vault monster count
 F = Vault count percentage of total count
                 A         B        C        D         E       F
            +---------+---------+-------+---------+---------+-------
      Total |     128 |       6 |   4.5 |      41 |       3 |   6.8
            +---------+---------+-------+---------+---------+-------
        D:1 |      57 |       4 |   6.6 |      29 |       2 |   6.5
        D:2 |      71 |       2 |   2.7 |      12 |       1 |   7.7
            +---------+---------+-------+---------+---------+-------
